 Dungeon Crawl Stone Soup version 0.31-a0-271-gb88eb75 (webtiles) character file.

Game seed: 1145188838227581491

212 Dawnplanks the Shooter (level 5, -4/27 HPs)
             Began as a Spriggan Hunter on July 14, 2023.
             Was an Initiate of Okawaru.
             Engulfed by a steam dragon's steam (8 damage)
             ... on level 6 of the Dungeon.
             The game lasted 00:05:30 (2317 turns).

Dawnplanks the Shooter (Spriggan Hunter)            Turns: 2317, Time: 00:05:31

Health: -4/27      AC:  4    Str:  7    XL:     5   Next: 58%
Magic:  6/6        EV: 18    Int: 10    God:    Okawaru [......]
Gold:   111        SH:  0    Dex: 21    Spells: 4/4 levels left

rFire   . . .        a - +0 shortbow
rCold   . . .        (shield currently unavailable)
rNeg    . . .        c - +0 robe
rPois   .            o - +2 hat
rElec   .            (no cloak)
rCorr   .            (gloves unavailable)
SInv    +            (boots unavailable)
Will    +....        (no amulet)
Stlth   ++           g - ring of willpower
HPRegen 0.24/turn    (no ring)
MPRegen 0.10/turn

%: no passive effects
@: very quick
A: very small, no large weapons, unfitting armour, see invisible, speed 3
a: Renounce Religion


You were on level 6 of the Dungeon.
You worshipped Okawaru.
Okawaru was noncommittal.
You visited 1 branch of the dungeon, and saw 4 of its levels.

You collected 124 gold pieces.
You spent 13 gold pieces at shops.

Inventory:

Hand Weapons
 a - a +0 shortbow (weapon)
Armour
 c - a +0 robe (worn)
 o - a +2 hat (worn)
Jewellery
 g - a ring of willpower (left hand)
 r - a ring of poison resistance
Talismans
 j - a storm talisman
Wands
 h - a wand of polymorph (7)
Scrolls
 b - a scroll of butterflies
 e - a scroll of amnesia
 m - a scroll of torment {unknown}
 n - a scroll of teleportation
 q - a scroll of blinking {unknown}
Potions
 d - a potion of haste
 f - a potion of magic {unknown}
 l - a potion of curing {unknown}
 p - a potion of resistance {unknown}


   Skills:
 + Level 2.3 Fighting
 + Level 6.5 Ranged Weapons
 + Level 2.7 Dodging
 + Level 2.0 Stealth


You had 4 spell levels left.
You didn't know any spells.
Your spell library contained the following spells:

 Spells                   Type           Power      Damage    Failure   Level
 Sandblast                Erth           0%         2d4       36%         1
 Passwall                 Tmut/Erth      0%         N/A       50%         2
 Stone Arrow              Conj/Erth      0%         3d7       75%         3
 Eringya's Noxious Bog    Tmut/Pois      0%         4d6       100%        6
 Summon Forest            Summ/Tloc      Unusable   N/A       N/A         5
 Summon Hydra             Summ           Unusable   N/A       N/A         7

Dungeon Overview and Level Annotations

Branches:
Dungeon (3/15)             Temple (0/1) D:6

Altars:
Okawaru

Shops:
D:2 ![


Innate Abilities, Weirdness & Mutations

You are very small and have problems with some larger weapons.
You are too small for most types of armour.
You have supernaturally acute eyesight. (SInv)
You cover ground extremely quickly. (Speed+++)


Message History

Your transformation is almost over.
A steam dragon is nearby!
A steam dragon is nearby!
You are too injured to fight recklessly!
Unknown command.
Fire: a) +0 shortbow
Press: ? - help, Q - select action, (/) - cycle Shift-Dir - straight line, f - steam dragon
Aim: a steam dragon (wandering, hasn't noticed you, 63% to hit)
You shoot an arrow. The steam dragon hisses angrily.
The arrow hits the steam dragon but does no damage.
Fire: a) +0 shortbow
Press: ? - help, Q - select action, (/) - cycle Shift-Dir - straight line, f/p - steam dragon
Aim: a steam dragon (63% to hit)
You shoot an arrow. The arrow hits the steam dragon.
The steam dragon is lightly wounded.
Fire: a) +0 shortbow
Press: ? - help, Q - select action, (/) - cycle Shift-Dir - straight line, f/p - steam dragon
Aim: a steam dragon (lightly wounded, 63% to hit)
You shoot an arrow.
The arrow hits the steam dragon but does no damage.
The steam dragon is lightly wounded.
You feel less wooden.
Your +2 hat unmelds from your body.
Your +0 robe unmelds from your body.
Fire: a) +0 shortbow
Press: ? - help, Q - select action, (/) - cycle Shift-Dir - straight line, f/p - steam dragon
Aim: a steam dragon (lightly wounded, 66% to hit)
You shoot an arrow.
The arrow closely misses the steam dragon.
Fire: a) +0 shortbow
Press: ? - help, Q - select action, (/) - cycle Shift-Dir - straight line, f/p - steam dragon
Aim: a steam dragon (lightly wounded, 66% to hit)
You shoot an arrow.
The arrow closely misses the steam dragon.
The steam dragon breathes steam at you. The ball of steam hits you.
* * * LOW HITPOINT WARNING * * *
You hear a shout!
You are engulfed in a cloud of scalding steam.
You die...

..# ##..## ####....
##....... ....$.#
#........ .....##
#.#..... o..<.###
#.#.#.# #Y#.... #
##....#
#######.##.#####!$#
##....#
#.....§@.....^....#
......#
#..⌠.§#......###.##
#...#####..§§.#..###.#
##....D.#⌠§>.⌠...# #.#
######.#D.....#.###s#
#....⌠..###..S.#
#.#......#5#####
#..#####..# ### ##.#
#..#


You could see a sky beast and an orc (wandering).

Vanquished Creatures
  An orc priest (D:3)
  Ijyb (D:2)
  An orc wizard (D:3)
  2 gnolls (D:1)
  An adder (D:3)
  3 worms (D:3)
  4 dart slugs
  4 orcs (D:3)
  6 bats
  5 endoplasms
  2 giant cockroaches (D:1)
  14 goblins
  5 hobgoblins
  6 jackals
  4 kobolds
  2 quokkas
  7 ball pythons
  A frilled lizard (D:3)
  7 rats
76 creatures vanquished.

Notes
Turn   | Place    | Note
-------+----------+-------------------------------------------
     0 | D:1      | Dawnplanks the Spriggan Hunter began the quest for the Orb.
     0 | D:1      | Reached XP level 1. HP: 10/10 MP: 2/2
   155 | D:1      | Reached XP level 2. HP: 15/15 MP: 3/3
   446 | D:1      | Reached XP level 3. HP: 18/18 MP: 4/4
   719 | D:1      | Reached skill level 5 in Ranged Weapons
  1110 | D:2      | Noticed Ijyb
  1234 | D:2      | Killed Ijyb
  1235 | D:2      | Reached XP level 4. HP: 23/23 MP: 5/5
  1265 | D:2      | Found an iron altar of Okawaru.
  1276 | D:2      | Became a worshipper of Warmaster Okawaru
  1320 | D:2      | Found Ohooluop's Antique Armour Shoppe.
  1441 | D:2      | Found Jeolaec's Distillery.
  1463 | D:2      | Bought a potion of degeneration for 13 gold pieces
  1725 | D:3      | Reached skill level 6 in Ranged Weapons
  1725 | D:3      | Reached XP level 5. HP: 7/26 MP: 6/6
  2181 | D:3      | You fall into a shaft and drop 3 floors!
  2241 | D:6      | Found a staircase to the Ecumenical Temple.
  2242 | D:6      | Noticed a sky beast
  2252 | D:6      | Noticed a steam dragon
  2252 | D:6      | Noticed a centaur
  2254 | D:6      | Noticed a water moccasin
  2281 | D:6      | HP: 2/40 [poisoned by a scorpion]
  2317 | D:6      | Engulfed by a steam dragon's steam

Illustrated notes

Levels and vault maps discovered:
D:1:      minmay_arrival_arboretum_small, layout_loops_corners,
          nicolae_grassy_gnolls
D:2:      kennysheep_the_goblin_king, layout_basic, basic_altar, serial_shops,
          shop, nicolae_shop_stone
D:3:      layout_rooms
D:6:      layout_loops_ring, temple_fountains, serial_shops, shop_statue,
          chequers_serial_rivers_large_a, kennysheep_generic_room_3

Skill      XL: |  1  2  3  4  5 |
---------------+----------------+-----
Fighting       | 2 |  2.3
Ranged Weapons | 5 6 |  6.5
Stealth        | 2 |  2.0
Dodging        | |  2.7

Action                     |  1- 3 |  4- 6 || total
---------------------------+-------+-------++-------
   Fire: Shortbow          |   106 |   111 ||   217
    Use: Potion            |       |     3 ||     3
         Scroll            |       |     2 ||     2
 Armour: Robe              |       |     2 ||     2
  Dodge: Dodged            |    20 |    37 ||    57
         Form:             |       |     1 ||     1
         Storm             |       |     1 ||     1

Table legend: (Time is in decaauts)
 A = Elapsed time spent in this place.
 B = Non-inter-level travel time spent in this place.
 C = Inter-level travel time spent in this place.
 D = Time resting spent in this place.
 E = Time spent auto-exploring this place.
 F = Levels seen in this place.
 G = Mean time per level.
                   A        B        C        D        E       F      G
               +--------+--------+--------+--------+--------+-----+--------+
         Total |   1591 |   1571 |     20 |     22 |   1078 |   4 |  397.8 |
       Dungeon |   1591 |   1571 |     20 |     22 |   1078 |   4 |  397.8 |
               +--------+--------+--------+--------+--------+-----+--------+

Top non-repeatable levels by time:
     D:1: 576 daAuts
     D:2: 494 daAuts
     D:3: 423 daAuts
     D:6: 95 daAuts
